Map: Ulrena

Players

bookergiggs

  • Race: Protoss Protoss
  • League: Silver

LilDicky - Winner!

  • Race: Terran Terran
  • League: Diamond

VOD

http://www.twitch.tv/tumescentpie

Description

Time

  • Played on: Dec. 17, 2015, 7:56 p.m.
  • Length: 6:28
Show
View Real Time Build Order
Export as new Build Order

bookergiggs Protoss 

Build Orders: Nexus First 

Get SALT Encoding   

  12  0:05  Probe (Chrono Boost)  
  13  0:16  Probe (Chrono Boost)  
  14  0:43  Nexus  
  14  0:51  Pylon  
  14  0:58  Probe (Chrono Boost)  
  15  1:14  Probe (Chrono Boost)  
  15  1:16  Gateway  
  16  1:24  Probe (Chrono Boost)  
  17  1:35  Probe (Chrono Boost)  
  17  1:38  Assimilator  
  18  1:45  Probe (Chrono Boost)  
  19  1:56  Probe (Chrono Boost)  
  19  2:04  Cybernetics Core  
  19  2:06  Probe (Chrono Boost)  
  19  2:07  Probe (Chrono Boost)  
  21  2:17  Probe x2 (Chrono Boost)  
  21  2:21  Zealot  
  25  2:27  Gateway  
  25  2:28  Probe x2 (Chrono Boost)  
  27  2:31  Gateway  
  27  2:38  Probe (Chrono Boost), Assimilator  
  27  2:42  Probe (Chrono Boost)  
  29  2:49  Probe (Chrono Boost)  
  29  2:51  Warp Gate (Chrono Boost)  
  31  2:58  Probe (Chrono Boost)  
  31  2:59  Probe (Chrono Boost)  
  31  3:03  Stalker  
  34  3:09  Probe (Chrono Boost)  
  34  3:10  Probe (Chrono Boost)  
  36  3:17  Pylon  
  36  3:19  Probe (Chrono Boost)  
  37  3:31  Zealot  
  38  3:34  Probe  
  38  3:35  Zealot  
  38  3:36  Probe  
  42  3:45  Probe  
  42  3:47  Pylon  
  43  3:48  Probe  
  44  3:57  Zealot  
  44  3:58  Pylon  
  44  4:00  Assimilator  
  46  4:03  Probe  
  46  4:05  Probe  
  48  4:14  Probe  
  44  4:17  Probe  
  34  4:24  Probe  
  34  4:29  Probe  
  36  4:35  Probe  
  24  4:58  Probe  
  24  4:59  Probe  
  25  5:08  Probe  
  25  5:11  Probe  
  27  5:19  Probe  
  27  5:20  Robotics Facility  
  28  5:23  Stalker x2, Probe  
  28  5:24  Stalker  
  30  5:43  Probe  
  30  5:45  Probe  
  32  5:52  Stalker  
  32  5:54  Probe  
  34  5:57  Probe  
  30  6:04  Probe  
  30  6:09  Probe  
  30  6:10  Pylon  
  30  6:11  Stalker  
Show
View Real Time Build Order
Export as new Build Order

LilDicky Terran - Winner!

Build Orders:  

Get SALT Encoding   

  12  0:02  SCV  
  13  0:15  SCV  
  14  0:23  Supply Depot  
  14  0:28  SCV  
  15  0:34  Refinery  
  15  0:45  SCV  
  15  0:48  Barracks  
  16  0:57  SCV  
  17  1:09  SCV  
  18  1:24  SCV  
  19  1:36  Marine  
  19  1:38  Orbital Command  
  20  1:40  Supply Depot  
  20  1:48  Factory  
  20  1:54  Marine  
  21  2:07  SCV  
  22  2:11  Marine  
  22  2:12  Supply Depot, Refinery  
  23  2:20  SCV  
  24  2:29  Marine  
  25  2:32  SCV  
  25  2:34  Starport, Widow Mine  
  28  2:47  Marine  
  29  2:56  SCV  
  30  3:03  Widow Mine  
  30  3:05  Marine  
  33  3:06  Supply Depot  
  33  3:08  SCV  
  33  3:11  Medivac  
  36  3:20  SCV  
  36  3:23  Marine  
  38  3:41  Starport Tech Lab  
  38  3:42  Widow Mine  
  40  3:58  Marine  
  40  3:59  Command Center  
  41  4:04  Banshee, Cloaking Field  
  41  4:07  Barracks  
  41  4:08  Supply Depot  
  44  4:11  Supply Depot  
  41  4:40  Supply Depot  
  41  4:45  Supply Depot  
  37  4:56  Banshee  
  37  4:57  Marine  
  37  4:58  Marine  
  42  5:02  Factory  
  42  5:15  Marine  
  43  5:39  Banshee  
  43  5:40  SCV  
  43  5:42  Orbital Command  
  47  6:12  Supply Depot  
Tags
 
Add a new tag
Caveats
  • Supply blocks, unpowered buildings, or Contaminate may cause inaccurate times.
  • Supply counts are checked every 10 seconds.